 Dungeon Crawl Stone Soup version 0.27.1-33-g824d729ab1 (webtiles) character file.

Game seed: 5129752369676864263

17 Sharkman1231 the Sneak (level 2, 0/24 HPs)
             Began as a Demonspawn Delver on Dec 19, 2021.
             Slain by a scorpion (6 damage)
             ... on level 4 of the Dungeon.
             The game lasted 00:00:57 (735 turns).

Sharkman1231 the Sneak (Demonspawn Delver)           Turns: 735, Time: 00:00:57

Health: 0/24       AC:  3    Str: 12    XL:     2   Next: 44%
Magic:  2/2        EV: 12    Int: 11    God:
Gold:   12         SH:  0    Dex: 14    Spells: 1/1 levels left

rFire    . . .     SeeInvis .   a - +0 mace
rCold    . . .     Faith    .   (no shield)
rNeg     . . .     Spirit   .   b - +0 leather armour
rPois    .         Reflect  .   (no helmet)
rElec    .         Harm     .   (no cloak)
rCorr    +         Rampage  .   (no gloves)
Will     .....                  (no boots)
Stlth    +.........             (no amulet)
HPRegen  0.08/turn              i - ring of resist corrosion
MPRegen  0.16/turn              (no ring)

@: confused, ambrosia-drunk
A: magic regeneration
a: no special abilities


You were on level 4 of the Dungeon.
You visited 1 branch of the dungeon, and saw 3 of its levels.

You collected 12 gold pieces.

Inventory:

Hand Weapons
 a - a +0 mace (weapon)
 j - a +0 great sword
Armour
 b - a +0 leather armour (worn)
Jewellery
 i - a ring of resist corrosion (left hand)
Wands
 g - a wand of digging (3)
Scrolls
 c - a scroll of fog
 d - a scroll of magic mapping
 e - a scroll of fear
Potions
 f - a potion of haste


   Skills:
 + Level 3.2 Fighting
 * Level 2.3 Maces & Flails
 + Level 2.1 Dodging
 - Level 4.5 Stealth


You had one spell level left.
You didn't know any spells.
Your spell library was empty.

Dungeon Overview and Level Annotations

Branches:
Dungeon (6/15)
 Temple: D:4-7

Altars:


Innate Abilities, Weirdness & Mutations

You regenerate magic rapidly.


Message History

No target in view!
Found a great sword.
Found a stone staircase leading down.
You see here a +0 great sword.
j - a +0 great sword A scorpion comes into view.
Found a stone staircase leading up.
A scorpion is nearby!
Found 12 gold pieces.
The scorpion barely misses you.
You see here 12 gold pieces.
The scorpion stings you! The scorpion stings you.
Found a falchion.
The scorpion closely misses you.
The scorpion stings you but does no damage.
The scorpion closely misses you.
There is a stone staircase leading down here.
The scorpion stings you! The scorpion barely misses you.
There is a stone staircase leading down here.
The scorpion barely misses you. The scorpion stings you.
Press: ? - help, v - describe, . - travel
Here: a scorpion The floor.
Unknown command.
The scorpion stings you.
* * * LOW HITPOINT WARNING * * *
It was a potion of ambrosia.
You are confused.
You feel invigorated. The scorpion closely misses you.
You're too confused to move!
The scorpion completely misses you.
You bump into the rock wall.
The scorpion stings you!
You're too confused to move!
The scorpion closely misses you.
Unknown command.
You miss the scorpion. The scorpion stings you! x2
* * * LOW HITPOINT WARNING * * *
You bump into the rock wall.
The scorpion stings you.
You die...

#.# #.# #.# #.# #
#.######.########## ##
#........#......$.#
.#########..##.#####.#
..†......#..##.###<#.#
...............s@>.#.#
...........##..###.#.#
...##......##..# #.#.#
...#####...##..###.#.#
.#..# #...##......#.#
.#.... #........##.#.#
.#...#.#..###.#.##.#.#
.#...# .......#.####.#
#..#####.####.#


You could see a scorpion.

Vanquished Creatures
  An adder (D:5)
  2 dart slugs
  A ball python (D:4)
  A kobold (D:4)
5 creatures vanquished.

Notes
Turn   | Place    | Note
-------+----------+-------------------------------------------
     0 | D:5      | Sharkman1231 the Demonspawn Delver began the quest for the
                  | Orb.
     0 | D:5      | Reached XP level 1. HP: 18/18 MP: 1/1
     0 | D:5      | Noticed a scorpion
     4 | D:6      | Noticed a kobold brigand
    61 | D:5      | Gained mutation: You regenerate magic rapidly. [demonic
                  | ancestry]
    61 | D:5      | Reached XP level 2. HP: 6/24 MP: 2/2
   671 | D:4      | Noticed a scorpion
   735 | D:4      | Slain by a scorpion

Illustrated notes

Levels and vault maps discovered:
D:4:      layout_basic
D:5:      layout_basic, fedhas_altar_4, minmay_manual_mess
D:6:      layout_basic, minmay_overflow_temple_star_hex,
          minmay_temple_entry_slanted, minmay_shop_damaged,
          nicolae_shop_self_help

Skill      XL: |  1 |
---------------+----+-----
Maces & Flails | 2 |  2.3
Dodging        | 2 |  2.1
Fighting       | |  3.2
Stealth        | |  4.5

Action                   || total
-------------------------++-------
Melee: Mace              ||    16
  Use: Potion            ||     1
 Stab: Sleeping          ||     2
Armor: Leather armour    ||     2
Dodge: Dodged            ||    16
